 Dungeon Crawl Stone Soup version 0.17.1-2-g5865329 (webtiles) character file.

186 Grim the Cudgeler (level 5, -5/59 HPs)
             Began as an Ogre Berserker on Feb 7, 2016.
             Was a Priest of Trog.
             Asphyxiated
             ... on level 3 of the Dungeon.
             The game lasted 00:05:10 (2628 turns).

Grim the Cudgeler (Ogre Berserker)                  Turns: 2628, Time: 00:05:11

Health: -5/59      AC:  4    Str: 22    XL:     5   Next: 66%
Magic:  5/5        EV: 10    Int:  6    God:    Trog [***...]
Gold:   149        SH:  0    Dex: 10    Spells: 0 memorised, 4 levels left

rFire  . . .     SeeInvis .     w - +3 whip (holy)
rCold  . . .     Clarity  .     b - +0 animal skin
rNeg   . . .     SustAt   .     (no shield)
rPois  .         Gourm    .     (helmet restricted)
rElec  .         Spirit   .     l - +0 cloak
rCorr  .         Warding  .     (gloves unavailable)
rMut   .         Stasis   .     (boots unavailable)
MR     .....                    (no amulet)
Stlth  +.........               (no ring)
                                (no ring)

@: lethally poisoned (-5 -> -11), exhausted, slowed, very slow, not resistant to
hostile enchantments, very unstealthy
A: unfitting armour, tough skin 1
a: Berserk, Trog's Hand, Burn Spellbooks, Renounce Religion


You were on level 3 of the Dungeon.
You worshipped Trog.
Trog was most pleased with you.
You were very hungry.

You visited 1 branch of the dungeon, and saw 3 of its levels.

You collected 149 gold pieces.

Inventory:

Hand Weapons
 t - a +0 whip
 w - a +3 whip of holy wrath (weapon)
Armour
 b - a +0 animal skin (worn)
 l - a +0 cloak (worn)
Jewellery
 d - an uncursed ring of protection from cold {unknown}
 q - an uncursed ring of magical power {unknown}
Scrolls
 e - a scroll of remove curse {unknown}
 g - a scroll of blinking {unknown}
 i - 2 scrolls of immolation {unknown}
 k - a scroll of noise {unknown}
 n - a scroll of amnesia {unknown}
 o - 2 scrolls of enchant armour {unknown}
 p - a scroll of enchant weapon {unknown}
 r - a scroll of fear {unknown}
 s - 6 scrolls of identify {unknown}
 u - a scroll of fog {unknown}
 v - a scroll of random uselessness {unknown}
Potions
 f - 2 potions of curing {unknown}
 h - 3 potions of brilliance {unknown}
 j - 2 potions of flight {unknown}
 x - a potion of resistance {unknown}
Comestibles
 a - a beef jerky
 c - 2 bread rations
 m - a royal jelly
 z - a meat ration
 A - a fruit


   Skills:
 + Level 6.3 Fighting
 + Level 6.4 Maces & Flails
 - Level 2.6 Dodging


You had 4 spell levels left.
You didn't know any spells.

Dungeon Overview and Level Annotations

Branches:
Dungeon (3/15)

Altars:
Fedhas
Yredelemnul


Innate Abilities, Weirdness & Mutations

You are too large for most types of armour.
You have tough skin (AC +1).


Message History

You kill the orc!
Trog accepts your kill.
You feel sick. The orc closely misses you.
You closely miss the orc. The orc hits you with a hand axe.
* * * LOW HITPOINT WARNING * * *
You closely miss the orc.
The kobold shoots a curare-tipped needle.
The curare-tipped needle closely misses you.
You whack the orc!
The orc is almost dead.
You are no longer berserk.
You are exhausted.
You feel as though you will be slow longer.
You are feeling very hungry.
The orc hits you but does no damage.
The kobold shoots a curare-tipped needle.
The curare-tipped needle hits you.
You are lethally poisoned!
You have difficulty breathing.
You die...

.....####.#†..#
#...[####...#.#
.#.##
####.#..##.#.##
#....##
.###.#.####_##
......#
..##...# ###
.......
..###..#
....... ..#
#..# .K.....
..# #..#
#####†.....#
..###..#
#...@)#
.......#
#(###o...#
.####.## #.#
#.### .####.#
#.# ... ...##.#
#.# ### ....#.#
#.# ......#
##.# ♣P..###
#..# PP..# #.##


You could see an orc and a kobold.

Vanquished Creatures
  A hound skeleton (D:3)
  3 gnolls (D:3)
  7 adders
  An ooze (D:2)
  2 worms
  A giant gecko (D:2)
  6 orcs (D:3)
  7 bats
  6 giant cockroaches
  6 goblins
  10 hobgoblins
  A giant newt (D:1)
  8 kobolds
  9 rats
68 creatures vanquished.

Notes
Turn   | Place    | Note
--------------------------------------------------------------
     0 | D:1      | Grim the Ogre Berserker began the quest for the Orb.
     0 | D:1      | Reached XP level 1. HP: 24/24 MP: 1/1
    85 | D:1      | Reached XP level 2. HP: 30/33 MP: 2/2
   654 | D:1      | Reached ** piety under Trog
   743 | D:2      | Reached XP level 3. HP: 33/40 MP: 3/3
   886 | D:2      | Reached skill level 5 in Maces & Flails
   987 | D:2      | Reached skill level 5 in Fighting
  1151 | D:2      | Reached XP level 4. HP: 30/50 MP: 4/4
  1994 | D:3      | Reached skill level 6 in Maces & Flails
  1996 | D:3      | Reached XP level 5. HP: 48/58 MP: 5/5
  2063 | D:3      | Found a basalt altar of Yredelemnul.
  2510 | D:3      | Found a blossoming altar of Fedhas.
  2595 | D:3      | Reached *** piety under Trog
  2628 | D:3      | Asphyxiated

Action                   |  1- 3 |  4- 6 || total
-------------------------+-------+-------++-------
Melee: Mace              |   103 |       ||   103
       Whip              |    25 |   123 ||   148
Invok: Berserk           |     1 |     2 ||     3
       Trog's Hand       |       |     1 ||     1
 Stab: Sleeping          |       |     2 ||     2
  Eat: Chunk             |       |     3 ||     3
       Bread ration      |       |     1 ||     1
